 Dungeon Crawl Stone Soup version 0.31-a0-424-g41b3b0883d (webtiles) character file.

Game seed: 18060350211364568127

26110 MacCMillion the Mimic (level 12, -5/141 HPs)
             Began as a Troll Shapeshifter on July 30, 2023.
             Was the Champion of Okawaru.
             Shot with an arrow by Nessos (6 damage)
             ... on level 3 of the Lair of Beasts.
             The game lasted 00:28:41 (13211 turns).

MacCMillion the Mimic (Troll Shapeshifter)         Turns: 13211, Time: 00:28:42

Health: -5/141     AC: 12    Str: 35    XL:     12   Next: 95%
Magic:  16/16      EV:  9    Int:  4    God:    Okawaru [******]
Gold:   1064       SH:  0    Dex: 10    Spells: 11/11 levels left

rFire   . .          .
                       - Unarmed
rCold   . . .        (shield currently unavailable)
rNeg    . . .        s - melded +0 steam dragon scales
rPois   .            (helmet currently unavailable)
rElec   .            (cloak currently unavailable)
rCorr   .            (gloves unavailable)
SInv    .            (boots unavailable)
Will    .....        (no amulet)
Stlth   +            (no ring)
HPRegen 1.23/turn    (no ring)
MPRegen 0.15/turn

%: no passive effects
@: lethally poisoned (-5 -> -6), snake-form
A: constrict, boosted hp, large, unfitting armour, (claws 3), regeneration 1,
(shaggy fur 1), (tough skin 1)
a: Begin Untransformation, Renounce Religion, Heroism, Finesse, Duel


You were on level 3 of the Lair of Beasts.
You worshipped Okawaru.
Okawaru was exalted by your worship.
You were an enormous anaconda.
You visited 3 branches of the dungeon, and saw 15 of its levels.
You also visited: Bailey.

You collected 1064 gold pieces.

Inventory:

Missiles
 i - 4 boomerangs
 j - 13 atropa-tipped darts
 m - 35 poisoned darts
 E - a throwing net
 J - 5 javelins
 O - 6 large rocks
Armour
 a - a +0 animal skin
 s - +0 steam dragon scales (melded)
 u - +0 fire dragon scales
Jewellery
 K - a ring of fire
Talismans
 c - a beast talisman
 p - a serpent talisman (active)
Wands
 y - a wand of paralysis (7)
 A - a wand of iceblast (13)
 B - a wand of light (5)
 P - a wand of flame (11)
Scrolls
 d - a scroll of torment
 e - 3 scrolls of enchant armour
 g - 3 scrolls of noise
 h - 2 scrolls of immolation {unknown}
 l - a scroll of fog
 o - a scroll of enchant weapon
 C - 3 scrolls of teleportation
 F - a scroll of vulnerability
 L - a scroll of fear {unknown}
 M - a scroll of poison {unknown}
 N - a scroll of brand weapon {unknown}
Potions
 b - 2 potions of lignification
 f - a potion of curing
 k - a potion of cancellation {unknown}
 n - 2 potions of magic
 q - 4 potions of brilliance
 r - 3 potions of degeneration
 t - 3 potions of might
 w - a potion of berserk rage {unknown}
 x - a potion of mutation {unknown}
 z - 4 potions of invisibility
 D - a potion of enlightenment {unknown}
 G - 6 potions of resistance {unknown}
 H - 3 potions of haste {unknown}
 I - a potion of experience


   Skills:
 + Level 7.2 Fighting
 - Level 1.5 Dodging
 - Level 11.0 Unarmed Combat
 + Level 7.0 Invocations
 * Level 13.6 Shapeshifting


You had 11 spell levels left.
You didn't know any spells.
Your spell library contained the following spells:

 Spells                   Type           Power      Damage    Failure   Level
 Magic Dart               Conj           0%         1d3       50%         1
 Ensorcelled Hibernation  Hex/Ice        0%         N/A       65%         2
 Passwall                 Tmut/Erth      0%         N/A       65%         2
 Searing Ray              Conj           0%         2d4       65%         2
 Sublimation of Blood     Necr           0%         N/A       65%         2
 Wereblood                Tmut           0%         N/A       65%         2
 Dazzling Flash           Conj/Hex       0%         N/A       86%         3
 Swiftness                Air            0%         N/A       86%         3
 Fulminant Prism          Conj/Hex       0%         3d5       99%         4
 Agony                    Necr           0%         N/A       100%        5
 Irradiate                Conj/Tmut      0%         3d11      100%        5
 Silence                  Hex/Air        0%         N/A       100%        5
 Summon Hydra             Summ           Unusable   N/A       N/A         7

Dungeon Overview and Level Annotations

Branches:
Dungeon (11/15)            Temple (1/1) D:4            Lair (3/5) D:8
  Snake (0/4) Lair:2          Orc (0/2) D:11         Bailey (visited)
  Swamp: Lair:2-3    Shoals: Lair:2-3

Altars:
Ashenzari
Cheibriados
Dithmenos
Elyvilon
Fedhas
Gozag
Hepliaklqana
Kikubaaqudgha
Makhleb
Nemelex Xobeh
Okawaru
Qazlal
Ru
Sif Muna
Trog
Uskayaw
Vehumet
Wu Jian
Xom
Yredelemnul
Zin
The Shining One

Shops:
D:3 *   D:4 :

Annotations:
D:5 1 runed translucent door, exclusion: 2 doors, Crazy Yiuf, Ijyb
D:6 2 exclusions
D:10 2 transporters, blacky4's ghost, journeyman DjCj
Lair:3 Nessos


Innate Abilities, Weirdness & Mutations

You are an enormous anaconda.
You have a powerful constriction melee attack.
Your maximum health is increased.
Your armour is entirely melded.
You are incapable of wielding weapons or throwing items.
You are too large for most types of armour.
((You have claws for hands.))
Your natural rate of healing is unusually fast.
((You are covered in fur. (AC +1)))
((You have tough skin. (AC +1)))


Message History

You feel much better.
You are engulfed in poison gas.
You are more poisoned.
You feel extremely sick.
Nessos is engulfed in poison gas.
Nessos looks even sicker.
Nessos unwields a +3 longbow of flaming.
It stops flaming.
Nessos hits you but does no damage. Nessos kicks you but does no damage.
The water moccasin bites you.
* * * LOW HITPOINT WARNING * * *
The swamp dragon bites you!
* * * LOW HITPOINT WARNING * * *
The swamp dragon closely misses you. The swamp dragon tramples you.
* * * LOW HITPOINT WARNING * * *
You stumble backwards!
Nessos is engulfed in poison gas.
Nessos looks as sick as possible!
Nessos hits you!
* * * LOW HITPOINT WARNING * * *
Nessos misses you.
You can't go up here!
Unknown command.
Okay, then.
You feel better.
You are engulfed in poison gas.
You are poisoned.
* * * LOW HITPOINT WARNING * * *
You feel very sick.
Nessos is engulfed in poison gas.
Nessos looks as sick as possible!
Nessos barely misses you. Nessos closely misses you.
The swamp dragon bites you!
* * * LOW HITPOINT WARNING * * *
The swamp dragon claws you but does no damage.
The swamp dragon tramples you.
* * * LOW HITPOINT WARNING * * *
You stumble backwards!
Nessos is engulfed in poison gas.
Nessos looks as sick as possible!
Nessos gestures wildly while chanting.
Nessos blinks!
Unknown command.
You barely miss the swamp dragon.
* * * LOW HITPOINT WARNING * * *
You feel sick.
Nessos wields a +3 longbow of flaming.
It bursts into flame!
Nessos shoots an arrow.
The arrow hits you.
You die...

........#
........#
........#
.........#
...........
..........#
#.........#
.#........S#
§............○○D#
.§......c....○○S#
#§..###...#.°°°#
#P..#......○.○#
#..P....#..l.○#
###?.....#Pl...#
#.......l##.k..#
#..k........#


You could see Nessos (fast, extremely poisoned), a swamp dragon, a rime drake, a
water moccasin and 2 iguanas.

Vanquished Creatures
  A two-headed ogre (D:10)
  A death yak (Lair:2)
  A skyshark (Lair:2)
  An orc knight (Bailey)
  An ugly thing (D:11)
  2 manticores
  A salamander (Lair:2)
  4 elephants
  A cyclops (D:11)
  A black mamba (Lair:1)
  2 cane toads (Lair:1)
  A gargoyle (D:6)
  Maggie (D:7)
  An unseen horror (D:10)
  A kobold demonologist (D:10)
  Psyche (D:8)
  3 komodo dragons
  8 rime drakes
  A troll (D:11)
  A polar bear (Lair:1)
  2 hornets
  Prince Ribbit (D:5)
  Grinder (D:5)
  A shadow (D:9)
  3 wyverns
  40 yaks
  3 basilisks
  Grum (Lair:1)
  8 steam dragons (Lair:2)
  Edmund (D:5)
  2 water moccasins
  3 acid dragons
  5 orc warriors
  2 sky beasts
  A black bear (D:8)
  17 wolves
  4 centaurs
  2 gnoll sergeants
  4 kobold brigands
  7 bullfrogs
  3 scorpions
  7 wights
  18 killer bees
  3 lava snakes (Lair:2)
  4 howler monkeys
  2 hounds
  8 orc priests
  2 jellies
  2 iguanas
  3 sleepcaps
  9 orc wizards
  21 gnolls
  7 adders
  A shadow imp (D:6)
  A white imp (D:7)
  A worm (D:4)
  A dart slug (D:2)
  58 orcs
  8 ball pythons
  3 bats (D:3)
  10 endoplasms
  10 goblins
  3 hobgoblins
  14 kobolds
  3 quokkas
  6 frilled lizards
  2 rats
352 creatures vanquished.

Notes
Turn   | Place    | Note
-------+----------+-------------------------------------------
     0 | D:1      | MacCMillion the Troll Shapeshifter began the quest for the
                  | Orb.
     0 | D:1      | Reached XP level 1. HP: 18/18 MP: 0/0
    50 | D:1      | Found a faded altar of an unknown god.
   164 | D:1      | Reached XP level 2. HP: 26/26 MP: 1/1
   524 | D:2      | Reached XP level 3. HP: 32/32 MP: 2/2
   743 | D:2      | Reached skill level 5 in Unarmed Combat
   743 | D:2      | Reached XP level 4. HP: 25/40 MP: 3/3
  1217 | D:3      | Reached XP level 5. HP: 39/46 MP: 4/4
  1498 | D:3      | Found Kudobesi's Assorted Antiques.
  2060 | D:4      | Found an iron altar of Okawaru.
  2081 | D:4      | Became a worshipper of Warmaster Okawaru
  2113 | D:4      | Found a broken altar of Ashenzari.
  2169 | D:4      | Found Xuonut's Book Shoppe.
  2432 | D:4      | Found a snail-covered altar of Cheibriados.
  2446 | D:4      | Reached XP level 6. HP: 42/54 MP: 5/5
  2591 | D:4      | Found a staircase to the Ecumenical Temple.
  2650 | D:5      | Entered Level 5 of the Dungeon
  2832 | D:5      | Noticed Ijyb
  2879 | D:5      | Noticed Edmund
  2976 | D:5      | Killed Edmund
  3077 | D:5      | Noticed Prince Ribbit
  3085 | D:5      | Killed Prince Ribbit
  3085 | D:5      | Reached * piety under Okawaru
  3086 | D:5      | Reached XP level 7. HP: 46/61 MP: 6/6
  3158 | D:5      | Noticed Grinder
  3167 | D:5      | Killed Grinder
  3168 | D:5      | Reached skill level 4 in Shapeshifting
  3273 | Temple   | Entered the Ecumenical Temple
  3419 | D:5      | Found a runed translucent door.
  3420 | D:5      | Noticed Crazy Yiuf
  3514 | D:5      | Found a sacrificial altar of Ru.
  3600 | D:5      | Found an opulent altar of Gozag.
  3790 | D:6      | Reached XP level 8. HP: 68/68 MP: 7/7
  3807 | D:6      | Reached skill level 5 in Shapeshifting
  3845 | D:6      | Identified the +0 trident "Inuresoy" {freeze, *Noise rPois
                  | rN+ Dex+2}
  3866 | D:6      | Reached skill level 1 in Invocations
  3943 | D:6      | Reached ** piety under Okawaru
  3964 | D:6      | Found a glowing silver altar of Zin.
  3990 | D:6      | Noticed a komodo dragon
  3994 | D:6      | Noticed a gargoyle
  4051 | D:6      | Killed a komodo dragon
  4082 | D:6      | Reached skill level 6 in Shapeshifting
  4308 | D:6      | Killed a gargoyle
  4476 | D:6      | Reached XP level 9. HP: 61/75 MP: 9/9
  4479 | D:6      | Reached *** piety under Okawaru
  4548 | D:6      | Identified the +0 pair of gloves "Domuc" {Will++}
  4688 | D:5      | Found a basalt altar of Yredelemnul.
  4688 | D:5      | Found a shimmering blue altar of Sif Muna.
  4731 | D:7      | Noticed Maggie
  4817 | D:7      | Reached skill level 7 in Shapeshifting
  5186 | D:7      | Killed Maggie
  5384 | D:7      | Reached skill level 10 in Unarmed Combat
  5971 | D:8      | Reached skill level 8 in Shapeshifting
  6037 | D:8      | Reached **** piety under Okawaru
  6230 | D:8      | Noticed an elephant
  6496 | D:7      | Killed an elephant
  6497 | D:7      | Reached skill level 9 in Shapeshifting
  6497 | D:7      | Reached XP level 10. HP: 59/83 MP: 10/10
  6540 | D:8      | Noticed Psyche
  6669 | D:8      | Identified the +1 dagger "Xucah" {antimagic, rF- rCorr
                  | Int+6}
  6750 | D:8      | Reached skill level 1 in Fighting
  6777 | D:8      | Found a staircase to the Lair.
  6818 | D:8      | Found an ancient bone altar of Kikubaaqudgha.
  6959 | D:8      | Paralysed by a hornet for 2 turns
  7032 | D:8      | Noticed a manticore
  7037 | D:8      | Killed a manticore
  7130 | Lair:1   | Entered Level 1 of the Lair of Beasts
  7137 | Lair:1   | Reached skill level 10 in Shapeshifting
  7149 | Lair:1   | Reached ***** piety under Okawaru
  7298 | D:8      | Killed Psyche
  7339 | Lair:1   | Noticed a cane toad
  8057 | D:9      | Found a shadowy altar of Dithmenos.
  8060 | D:9      | Reached XP level 11. HP: 98/98 MP: 11/11
  8322 | D:10     | Entered Level 10 of the Dungeon
  8415 | D:10     | Reached skill level 11 in Shapeshifting
  8423 | D:10     | Noticed a two-headed ogre
  8432 | D:10     | Killed a two-headed ogre
  8640 | D:9      | Received a gift from Okawaru
  8817 | D:10     | Found a flagged portal.
  8828 | Bailey   | Entered a bailey
  9023 | Bailey   | Noticed an orc knight
  9037 | Bailey   | Killed an orc knight
  9508 | D:10     | Noticed blacky4's ghost (journeyman DjCj)
  9509 | D:10     | Found a transporter.
  9509 | D:10     | Noticed a two-headed ogre
  9510 | D:10     | Noticed a two-headed ogre
  9510 | D:10     | Noticed a two-headed ogre
  9511 | D:10     | Noticed a two-headed ogre
  9513 | D:10     | Found a transporter.
  9536 | D:10     | Identified the +0 pair of boots of Gallantry {+Inv Int-2
                  | Dex+6}
  9604 | D:10     | Reached skill level 5 in Fighting
  9636 | D:10     | Found a radiant altar of Vehumet.
  9882 | D:11     | Found a staircase to the Orcish Mines.
 10089 | D:11     | Identified the +1 robe of Hospitality {rN+ Will++ Dex-3}
                  | (Okawaru gifted it to you on level 11 of the Dungeon)
 10089 | D:11     | Received a gift from Okawaru
 10106 | D:11     | Reached skill level 12 in Shapeshifting
 10352 | D:11     | Reached skill level 5 in Invocations
 10557 | D:11     | Reached XP level 12. HP: 105/113 MP: 14/14
 11138 | Lair:1   | Noticed Grum
 11158 | Lair:1   | Killed Grum
 12224 | Lair:2   | Reached skill level 13 in Shapeshifting
 12449 | Lair:2   | Reached ****** piety under Okawaru
 12452 | Lair:2   | Received a gift from Okawaru
 12454 | Lair:2   | Noticed a death yak
 12455 | Lair:2   | Noticed a death yak
 12458 | Lair:2   | Noticed a death yak
 12565 | Lair:2   | Found a staircase to the Snake Pit.
 12797 | Lair:2   | Identified the +1 morningstar of Gluttony {antimagic, rF-
                  | Int+5}
 12912 | Lair:2   | Noticed a death yak
 12912 | Lair:2   | Noticed a death yak
 12935 | Lair:2   | Killed a death yak
 13188 | Lair:3   | Noticed Nessos
 13206 | Lair:3   | HP: 7/141 [swamp dragon (8)]
 13210 | Lair:3   | HP: 2/141 [swamp dragon (5)]
 13211 | Lair:3   | Shot with an arrow by Nessos

Illustrated notes

Levels and vault maps discovered:
D:1:      shiori_shiawase, layout_rooms, hellmonk_ecumenical_altar_zigzags,
          minmay_lizard_pond
D:2:      layout_basic
D:3:      layout_loops_corners, serial_shops, nicolae_shop_back_alley_shop
D:4:      layout_basic, mainiacjoe_overflow_boulevard, old_standard_altar,
          amcnicky_altar_gilded, minmay_temple_entry_from_below_a, serial_shops,
          shop, patterned_corridor
D:5:      layout_gridville, nicolae_overflow_hidden_temple, uniq_grinder,
          uniq_edmund, uniq_ijyb, uniq_prince_ribbit1, uniq_crazy_yiuf_cottage
D:6:      layout_basic, mainiacjoe_overflow_concentric_impassable, kb_rosetta
D:7:      layout_basic, uniq_maggie
D:8:      layout_basic, mainiacjoe_overflow_cross_hatched, david_lair_generic,
          uniq_psyche
D:9:      layout_irregular_city, grunt_dithmenos_shadows,
          kb_lookout_dungeons_type, minivault_21
D:10:     layout_small_grid, mainiacjoe_overflow_six_doors_small,
          enter_bailey_3, gammafunk_ghost_smash, hex_large
D:11:     layout_long_grid, orc_0_dummy
Temple:   nicolae_temple_ecumenical_triangle
Lair:1:   layout_loops_ring, grunt_megastairs_4, uniq_grum
Lair:2:   layout_loops_ring, nicolae_snake_entry_warm_welcome,
          bobbens_dragon_lair_wall
Lair:3:   layout_layer_cave, minmay_swamp_entry_reptiles, tgw_fedhas,
          serial_bayou_shore_b, infiniplex_staircase_pool_2, uniq_gastronok,
          uniq_nessos

Skill      XL: |  1  2  3  4  5  6  7  8  9 10 11 12 |
---------------+-------------------------------------+-----
Unarmed Combat | 4 5 6 8 9 10 11 | 11.0
Shapeshifting  | 4 6 9 10 12 13 | 13.6
Invocations    | 2 5 7 |  7.0
Fighting       | 3 5 7 |  7.2
Dodging        | |  1.5

Action                     |  1- 3 |  4- 6 |  7- 9 | 10-12 || total
---------------------------+-------+-------+-------+-------++-------
  Melee: Unarmed           |    63 |   111 |   172 |   529 ||   875
         Punch             |     1 |     1 |     6 |       ||     8
         Constrict         |       |       |     6 |   108 ||   114
 Invoke: Heroism           |       |       |     2 |     2 ||     4
    Use: Scroll            |       |     3 |     6 |     7 ||    16
         Potion            |       |     1 |       |     6 ||     7
   Stab: Sleeping          |       |       |       |     1 ||     1
 Armour: Animal skin       |    13 |    23 |    10 |       ||    46
         Skin              |       |     1 |    24 |   236 ||   261
         Steam dragon scal |       |       |     3 |       ||     3
  Dodge: Dodged            |    21 |    23 |    58 |   284 ||   386
   Form: Anaconda          |       |       |     1 |       ||     1

Table legend: (Time is in decaauts)
 A = Elapsed time spent in this place.
 B = Non-inter-level travel time spent in this place.
 C = Inter-level travel time spent in this place.
 D = Time resting spent in this place.
 E = Time spent auto-exploring this place.
 F = Levels seen in this place.
 G = Mean time per level.
                   A        B        C        D        E       F      G
               +--------+--------+--------+--------+--------+-----+--------+
         Total |  13084 |  12488 |    596 |   2237 |   7311 |  16 |  817.8 |
       Dungeon |  10429 |   9867 |    562 |   1661 |   5895 |  11 |  948.1 |
        Temple |      3 |      3 |      0 |      0 |      0 |   1 |    3.0 |
          Lair |   2240 |   2206 |     34 |    537 |   1175 |   3 |  746.7 |
        Bailey |    409 |    409 |      0 |     39 |    241 |   1 |  409.0 |
               +--------+--------+--------+--------+--------+-----+--------+

Top non-repeatable levels by time:
     D:7: 1651 daAuts
    D:11: 1178 daAuts
  Lair:2: 1135 daAuts
     D:8: 1092 daAuts
  Lair:1: 1064 daAuts
     D:6: 1026 daAuts
     D:5: 962 daAuts
     D:9: 949 daAuts
     D:4: 889 daAuts
    D:10: 835 daAuts
     D:3: 817 daAuts
     D:2: 515 daAuts
     D:1: 512 daAuts
  Bailey: 409 daAuts
  Lair:3: 40 daAuts
